 Dungeon Crawl Stone Soup version 0.16.1-11-g651b585 (webtiles) character file.

2658 Trent the Spear-Bearer (level 9, -9/62 HPs)
             Began as a Red Draconian Wizard on Apr 2, 2015.
             Was an Initiate of Sif Muna.
             Mangled by an orc
             ... wielding a +2 hand axe of electrocution
              (20 damage)
             ... on level 7 of the Dungeon.
             The game lasted 00:32:00 (9085 turns).

Trent the Spear-Bearer (Red Draconian Wizard)       Turns: 9085, Time: 00:32:00

Health: -9/62      AC: 12    Str: 10    XL:     9   Next: 36%
Magic:  18/20      EV: 12    Int: 22    God:    Sif Muna [......]
Gold:   328        SH:  0    Dex:  9    Spells: 5 memorised, 6 levels left

rFire  + . .     SeeInvis .     x - +0 glaive
rCold  + + .     Clarity  .     (armour unavailable)
rNeg   . . .     SustAb   .     (no shield)
rPois  .         Gourm    .     b - +1 hat
rElec  .         Spirit   .     l - +0 cloak
rCorr  .         Warding  .     O - +0 pair of gloves
rMut   .         Stasis   +     M - +1 pair of boots
MR     .....                    z - amulet "Croipiapek" {Stasis rC+}
Stlth  +.........               (no ring)
                                H - ring of protection from cold

@: not resistant to hostile enchantments, very unstealthy
A: breathe fire, unfitting armour, fire resistance 1, cold-blooded, AC +7
a: Breathe Fire, Renounce Religion


You were on level 7 of the Dungeon.
You worshipped Sif Muna.
Sif Muna was noncommittal.
You were not hungry.

You visited 2 branches of the dungeon, and saw 8 of its levels.
You also visited: Sewer.

You collected 328 gold pieces.

Inventory:

Hand weapons
 h - a +0 spear
 t - a +2 war axe of distortion
 x - a +0 glaive (weapon)
Armour
 a - a +0 hat
 b - a +1 hat (worn)
 l - a +0 cloak (worn)
 G - a +0 pair of boots
 M - a +1 pair of boots (worn)
 O - a +0 pair of gloves (worn)
Rods
 I - a +0 rod of inaccuracy (14/14)
   (You found it on level 7 of the Dungeon)
Jewellery
 y - an uncursed amulet of resist mutation
 z - the amulet "Croipiapek" (around neck) {Stasis rC+}
   (You found it on level 5 of the Dungeon)

   [amulet of stasis]

   It prevents you from being teleported, slowed, hasted or paralysed.
   It protects you from cold.
 H - a ring of protection from cold (left hand)
Magical devices
 P - a wand of lightning (7)
Scrolls
 e - 2 scrolls of amnesia
 f - 2 scrolls of recharging
 j - 4 scrolls of remove curse
 k - 2 scrolls of noise
 o - a scroll of fog {unknown}
 q - 4 scrolls of teleportation
 A - 2 scrolls of magic mapping
 B - a scroll of enchant armour
 C - a scroll of blinking
 D - a scroll of enchant weapon {unknown}
 E - a scroll of holy word
 J - a scroll of acquirement {unknown}
 L - a scroll of identify
 Q - a scroll of silence {unknown}
Potions
 g - 2 potions of mutation {unknown}
 i - 5 potions of curing
 m - 7 potions of magic
 n - a potion of agility {unknown}
 p - 2 potions of restore abilities {unknown}
 r - 4 potions of heal wounds {unknown}
 s - 2 potions of berserk rage
 u - 2 potions of poison {unknown}
 v - 3 potions of brilliance {unknown}
 w - a potion of haste {unknown}
 N - a potion of flight {unknown}
Books
 c - a book of Minor Magic

   Spells                             Type                      Level
   a - Magic Dart                     Conjuration                  1
   b - Blink                          Translocation                2
   c - Call Imp                       Summoning                    2
   d - Repel Missiles                 Charms/Air                   2
   e - Slow                           Hexes                        2
   f - Conjure Flame                  Conjuration/Fire             3
   g - Mephitic Cloud                 Conjuration/Poison/Air       3
Comestibles
 d - 6 bread rations
 F - a meat ration
 K - 5 chunks of flesh


   Skills:
 * Level 10.2 Polearms
 - Level 1.9 Dodging
 - Level 1.7 Stealth
 + Level 4.5 Spellcasting
 - Level 6.5 Conjurations
   Level 1.0 Summonings
 - Level 1.0 Translocations


You had 6 spell levels left.
You knew the following spells:

 Your Spells              Type           Power        Failure   Level  Hunger
a - Magic Dart            Conj           ####         1%          1    None
b - Mephitic Cloud        Conj/Pois/Air  ##......     14%         3    ##.....
c - Conjure Flame         Conj/Fire      ###.....     12%         3    ##.....
d - Blink                 Tloc           N/A          12%         2    None
e - Repel Missiles        Chrm/Air       #.....       17%         2    None


Dungeon Overview and Level Annotations

Branches:
Dungeon (7/15)             Temple (1/1) D:5

Altars:
Ashenzari
Cheibriados
Dithmenos
Fedhas
Gozag
Kikubaaqudgha
Makhleb
Nemelex Xobeh
Okawaru
Qazlal
Ru
Sif Muna
Trog
Vehumet
Xom
Yredelemnul
Zin
The Shining One


Innate Abilities, Weirdness & Mutations

You can breathe blasts of fire.
Your fiery red scales are hard (AC +7).
Your body does not fit into most forms of armour.
Your flesh is heat resistant.
Your cold-blooded metabolism reacts poorly to cold.


Message History

You reach to attack!
You closely miss the orc. You completely miss the orc.
The orc wizard shouts!
The orc barely misses you.
The orc wizard gestures at you while chanting.
The magic dart hits you!
You see here a steam dragon corpse.
You barely miss the orc. The orc hits you but does no damage.
You are electrocuted!
The orc wizard mumbles some strange words.
The orc wizard flickers and vanishes!
Deactivating autopickup; reactivate with Ctrl-A.
You closely miss the orc.
The orc hits you with a hand axe of electrocution!
* * * LOW HITPOINT WARNING * * *
You are electrocuted!
* * * LOW HITPOINT WARNING * * *
Drink which item? (? for menu, Esc to quit)
You feel better. The orc hits you but does no damage.
You are electrocuted!
You die...

#.# #. .... #.# #.. # ..# #.#
##.. ####.#.## ##
#.#####...##.....<.#
#.####.....o.#....##.#..#
.#........##..............
...###.(..####.#o†# #.......
....##.(.......#o.###.......#
...............#@)..)........
....###.#########.###......#
...## #.# #.# #...... #.##
#.# #o# #.# # #.# #.# #.# ..#
#.# #)# ### #.####### #.#
#.).....# #.# #######.###.#


You could see 3 orcs.

Vanquished Creatures
  A hippogriff (D:7)
  2 steam dragons
  Menkaure (D:5)
  An orc warrior (D:6)
  3 sky beasts (D:5)
  3 ogres
  4 giant frogs
  4 centaurs
  A scorpion (D:7)
  2 crimson imps
  2 goliath beetles (D:6)
  A giant frog zombie (D:5)
  An iguana (D:5)
  3 centaur skeletons
  2 giant frog skeletons (D:5)
  3 orc priests
  3 orc wizards
  A worker ant (D:5)
  18 adders
  9 gnolls
  A shadow imp (D:6)
  4 river rats (Sewer)
  A worm (D:4)
  2 adder skeletons
  4 giant geckos
  2 oozes
  12 orcs
  14 bats
  A bat zombie (D:6)
  2 giant cockroaches
  6 goblins
  12 hobgoblins
  7 jackals
  4 quokkas
  13 ball pythons (Sewer)
  6 giant newts
  A giant spore (D:7)
  6 kobolds
  A quokka zombie (D:5)
  28 rats
  A ballistomycete (D:7)
193 creatures vanquished.

Vanquished Creatures (others)
  A fungus (D:5)
1 creature vanquished.

Grand Total: 194 creatures vanquished

Notes
Turn   | Place    | Note
--------------------------------------------------------------
     0 | D:1      | Trent, the Draconian Wizard, began the quest for the Orb.
     0 | D:1      | Reached XP level 1. HP: 14/14 MP: 4/4
   423 | D:1      | Reached XP level 2. HP: 20/20 MP: 1/6
  1152 | D:2      | Reached XP level 3. HP: 11/26 MP: 0/7
  1934 | D:2      | Learned a level 3 spell: Mephitic Cloud
  1938 | D:2      | Learned a level 3 spell: Conjure Flame
  2199 | D:2      | Reached XP level 4. HP: 33/33 MP: 7/9
  2290 | D:2      | Reached skill level 4 in Conjurations
  3058 | D:3      | Reached XP level 5. HP: 33/38 MP: 0/11
  3104 | D:3      | Reached skill level 5 in Conjurations
  3715 | D:4      | Noticed an ogre
  3715 | D:4      | Noticed an ogre
  3730 | D:4      | Killed an ogre
  3745 | D:4      | Killed an ogre
  3745 | D:4      | Reached skill level 6 in Conjurations
  3745 | D:4      | Reached XP level 6. HP: 23/45 MP: 5/12
  3752 | D:4      | Learned a level 2 spell: Blink
  3755 | D:4      | Learned a level 2 spell: Repel Missiles
  4141 | D:4      | Reached skill level 1 in Polearms
  4483 | D:5      | Entered Level 5 of the Dungeon
  4612 | D:5      | Noticed Menkaure
  4661 | D:5      | Killed Menkaure
  4661 | D:5      | Your scales start taking on a fiery red colour.
  4661 | D:5      | Gained mutation: Your flesh is heat resistant. [draconian maturity]
  4661 | D:5      | Reached XP level 7. HP: 30/50 MP: 0/14
  4900 | D:5      | Found a staircase to the Ecumenical Temple.
  4916 | Temple   | Entered the Ecumenical Temple
  5320 | D:5      | Reached skill level 5 in Polearms
  5599 | D:5      | Got a fine amethyst amulet
  5603 | D:5      | Identified the amulet "Croipiapek" {Stasis rC+} (You found it on level 5 of the Dungeon)
  5702 | D:5      | Noticed a steam dragon
  5953 | D:5      | Reached XP level 8. HP: 46/57 MP: 5/16
  6255 | D:5      | Reached skill level 7 in Polearms
  6405 | D:6      | Found a glowing drain.
  6410 | Sewer    | Entered a sewer
  7265 | Sewer    | Reached skill level 8 in Polearms
  7551 | D:6      | Found a snail-covered altar of Cheibriados.
  7559 | D:6      | Found a sparkling altar of Nemelex Xobeh.
  7562 | D:6      | Found a shimmering altar of Xom.
  7565 | D:6      | Found a deep blue altar of Sif Muna.
  7569 | D:6      | Became a worshipper of Sif Muna the Loreminder
  7731 | D:6      | Reached skill level 9 in Polearms
  8368 | D:7      | Reached XP level 9. HP: 62/62 MP: 16/18
  8554 | D:5      | Noticed a steam dragon
  8560 | D:5      | Killed a steam dragon
  9028 | D:7      | Killed a steam dragon
  9028 | D:7      | Reached skill level 10 in Polearms
  9085 | D:7      | Mangled by an orc

Action                   |  1- 3 |  4- 6 |  7- 9 || total
-------------------------+-------+-------+-------++-------
Melee: Unarmed           |    39 |     4 |       ||    43
       Spear             |       |    39 |       ||    39
       Glaive            |       |       |   219 ||   219
 Cast: Magic Dart        |   104 |   105 |   197 ||   406
       Mephitic Cloud    |       |     7 |    18 ||    25
       Conjure Flame     |       |     1 |     3 ||     4
       Repel Missiles    |       |     1 |       ||     1
 Abil: Breathe Fire      |       |       |    11 ||    11
  Use: Scroll            |       |       |    13 ||    13
       Potion            |       |       |     1 ||     1
 Stab: Confused          |       |     4 |     5 ||     9
  Eat: Chunk             |     4 |     7 |    13 ||    24
       Beef jerky        |       |       |     1 ||     1
       Meat ration       |       |       |     1 ||     1
